 Dungeon Crawl Stone Soup version 0.22.1-1-ga44c0e56f4 (webtiles) character file.

79 Gunterle the Charmwright (level 3, 0/29 HPs)
             Began as a Demigod Skald on Oct 5, 2018.
             Slain by a kobold
             ... wielding a +0 short sword
              (6 damage)
             ... on level 2 of the Dungeon.
             The game lasted 00:06:56 (2364 turns).

Gunterle the Charmwright (Demigod Skald)            Turns: 2364, Time: 00:06:56

Health: 0/29       AC:  3    Str: 16    XL:     3   Next: 95%
Magic:  4/8        EV: 12    Int: 17    God:
Gold:   124        SH:  0    Dex: 15    Spells: 3/6 levels left

rFire    . . .     SeeInvis .   a - +0 spear
rCold    . . .     Gourm    .   (no shield)
rNeg     . . .     Faith    +   b - +0 leather armour
rPois    .         Spirit   .   (no helmet)
rElec    .         Reflect  .   (no cloak)
rCorr    .         Harm     .   (no gloves)
MR       .....                  (no boots)
Stlth    +.........             o - amulet of faith
HPRegen  0.09/turn              (no ring)
MPRegen  0.11/turn              (no ring)

@: lethally poisoned (0 -> -3), infused
A: high mp 1
a: no special abilities


You were on level 2 of the Dungeon.
You were not hungry.

You visited 1 branch of the dungeon, and saw 3 of its levels.

You collected 124 gold pieces.

Inventory:

Hand Weapons
 a - a +0 spear (weapon)
Missiles
 f - 35 arrows
 h - 90 stones (quivered)
 p - 41 bolts
 r - 10 poisoned needles
Armour
 b - a +0 leather armour (worn)
Jewellery
 o - an amulet of faith (around neck)
Scrolls
 g - a scroll of enchant weapon
 j - a scroll of blinking
 k - a scroll of fear {unknown}
 q - a scroll of noise {unknown}
Potions
 e - 2 potions of might {unknown}
 i - a potion of lignification {unknown}
 l - a potion of brilliance {unknown}
 m - a potion of agility {unknown}
Comestibles
 d - 4 rations


   Skills:
 + Level 2.2 Fighting
 + Level 2.2 Polearms
 + Level 1.6 Armour
 + Level 2.4 Dodging
 + Level 2.1 Spellcasting
 + Level 3.0 Charms


You had 3 spell levels left.
You knew the following spells:

 Your Spells              Type           Power        Failure   Level  Hunger
a - Infusion              Chrm           ##..         7%          1    #......
b - Shroud of Golubria    Chrm/Tloc      #.........   19%         2    ###....

Your spell library contained the following spells:

 Spells                   Type           Power        Failure   Level  Hunger
 Song of Slaying          Chrm           ##......     10%         2    ###....
 Regeneration             Chrm/Necr      #.........   36%         3    ###....
 Spectral Weapon          Hex/Chrm       #.......     36%         3    ###....


Dungeon Overview and Level Annotations

Branches:
Dungeon (3/15)

Annotations:
D:3 Sigmund


Innate Abilities, Weirdness & Mutations

You have an increased reservoir of magic. (+10% MP)


Message History

The adder bites you but does no damage.
You closely miss the adder. The bat hits you but does no damage.
The adder bites you but does no damage. The kobold misses you.
The bat hits you. The adder bites you.
You closely miss the adder. The bat hits you but does no damage.
The kobold barely misses you. The adder bites you.
You closely miss the adder. The bat closely misses you. x2
The kobold hits you with a short sword. The adder bites you.
* * * LOW HITPOINT WARNING * * *
You are poisoned.
The adder poisons you!
You hit the adder.
The adder is severely wounded.
You feel sick.
The bat barely misses you. x2; The adder barely misses you.
The kobold closely misses you.
You miss the adder.
The adder is severely wounded.
The bat hits you but does no damage. x2; The adder barely misses you.
The kobold hits you with a short sword.
You die...

### #.###### #......#
#.####.# #.# #.# #.# #.#
########## #.# #.#
#......... #.#
#.##########......... #.#
#..K@S............... #.#
####b##.####......... #.#
#.##.# #......... #.#
#.##.# ########## #.#
#.##.# #.#
#.##.############# #.#
#.................
#.#######.##.#############
#.........##.#


You could see an adder, a bat and a kobold.

Vanquished Creatures
  2 adders (D:2)
  An ooze (D:1)
  A worm (D:2)
  2 dart slugs (D:1)
  A leopard gecko (D:1)
  9 bats
  A giant cockroach (D:1)
  5 goblins
  7 hobgoblins
  2 jackals (D:1)
  7 kobolds
  4 frilled lizards
  3 rats (D:2)
45 creatures vanquished.

Notes
Turn   | Place    | Note
-------+----------+-------------------------------------------
     0 | D:1      | Gunterle the Demigod Skald began the quest for the Orb.
     0 | D:1      | Reached XP level 1. HP: 17/17 MP: 5/5
    94 | D:1      | Reached skill level 1 in Armour
   252 | D:1      | Reached XP level 2. HP: 16/24 MP: 1/7
   351 | D:1      | Learned a level 2 spell: Shroud of Golubria
   847 | D:1      | Reached XP level 3. HP: 28/29 MP: 2/8
  1617 | D:2      | Reached skill level 3 in Charms
  2299 | D:3      | Noticed Sigmund
  2364 | D:2      | Slain by a kobold

Skill      XL: |  1  2  3 |
---------------+----------+-----
Armour         | 1 |  1.6
Fighting       | 2 |  2.2
Polearms       | 2 |  2.2
Dodging        | 2 |  2.4
Spellcasting   | 2 |  2.1
Charms         | 3 |  3.0

Action                   || total
-------------------------++-------
Melee: Spear             ||   147
 Cast: Infusion          ||    24
       Shroud of Golubri ||     4
  Use: Scroll            ||     3
 Stab: Sleeping          ||     1
  Eat: Chunk             ||     5
Armor: Leather armour    ||    30
Dodge: Dodged            ||    86
